 Dungeon Crawl Stone Soup version 0.27.0-1-g7a089689b8 (webtiles) character file.

Game seed: 2882108537995571439

306 dolemite99 the Poker (level 6, -1/44 HPs)
             Began as a Demonspawn Gladiator on Aug 9, 2021.
             Was a Believer of Wu Jian.
             Killed from afar by an orc wizard (7 damage)
             ... with a puff of flame
             ... on level 6 of the Dungeon.
             The game lasted 00:03:14 (3379 turns).

dolemite99 the Poker (Demonspawn Gladiator)         Turns: 3379, Time: 00:03:15

Health: -1/44      AC: 12    Str: 15 (16) XL:     6   Next: 16%
Magic:  6/6        EV:  7    Int:  7 (9)  God:    Wu Jian [**....]
Gold:   80         SH:  0    Dex: 14 (15) Spells: 5/5 levels left

rFire    . . .     SeeInvis .   a - +0 trident
rCold    . . .     Faith    .   (no shield)
rNeg     . . .     Spirit   .   j - +0 chain mail
rPois    .         Reflect  .   s - +1 hat
rElec    .         Harm     .   (no cloak)
rCorr    .         Rampage  .   (no gloves)
Will     .....                  (no boots)
Stlth    ..........             (no amulet)
HPRegen  0.14/turn              (no ring)
MPRegen  0.10/turn              (no ring)

@: mighty, hasted, very quick
A: molten scales 2
a: Renounce Religion, Wall Jump


You were on level 6 of the Dungeon.
You worshipped Wu Jian.
Wu Jian was pleased with you.
You visited 1 branch of the dungeon, and saw 4 of its levels.

You collected 80 gold pieces.

Inventory:

Hand Weapons
 a - a +0 trident (weapon)
Missiles
 d - 3 throwing nets
 f - 126 stones
 g - 29 poisoned darts (quivered)
 n - 28 arrows
Armour
 b - a +0 leather armour
 c - a +0 helmet
 j - a +0 chain mail (worn)
 s - a +1 hat (worn)
Jewellery
 q - an amulet of the acrobat
Scrolls
 h - a scroll of enchant armour {unknown}
 i - a scroll of immolation {unknown}
 k - a scroll of torment {unknown}
 m - a scroll of holy word {unknown}
Potions
 e - a potion of degeneration
 p - a potion of flight {unknown}


   Skills:
 - Level 2.0 Fighting
 + Level 6.3 Polearms
 - Level 1.7 Throwing
 - Level 2.6 Dodging


You had 5 spell levels left.
You didn't know any spells.
Your spell library was empty.

Dungeon Overview and Level Annotations

Branches:
Dungeon (3/15)

Altars:
Ashenzari
Wu Jian

Annotations:
D:2 1 runed translucent door, Crazy Yiuf


Innate Abilities, Weirdness & Mutations

You are mostly covered in molten scales. (AC +3)


Message History

You miss something. Something hits you but does no damage.
You closely miss something. You miss something.
An orc wizard appears from thin air!
Reactivating autopickup.
Something hits you but does no damage.
Deactivating autopickup; reactivate with Ctrl-A.
The orc wizard gestures at you while chanting.
You miss something. Something hits you but does no damage.
Your chain mail prevents you from hitting something.
You miss something. Something hits you.
* * * LOW HITPOINT WARNING * * *
Your chain mail prevents you from hitting something.
Something hits you but does no damage.
You miss something. Something hits you.
* * * LOW HITPOINT WARNING * * *
You barely miss something. You closely miss something.
Something hits you but does no damage.
You miss something.
You hear some strange, mumbled words.
A magic dart appears from out of thin air!
The magic dart hits you but does no damage.
You barely miss something. You miss something.
An orc wizard appears from thin air!
Reactivating autopickup.
The orc wizard hits you but does no damage.
You hit the orc wizard but do no damage.
The orc wizard is severely wounded.
The orc wizard hits you but does no damage.
You closely miss the orc wizard.
The orc wizard is severely wounded.
You hit the orc wizard.
You kill the orc wizard!
The Council accepts your kill.
You miss the orc wizard.
The orc wizard is lightly wounded.
You closely miss the orc wizard.
The orc wizard is lightly wounded.
The orc wizard points at you and mumbles some strange words.
The puff of flame hits you!
You die...

. #.# . #..
#.##.##
.#...## .....
... #.# #@#
#o# ##o##
##...##
##.....##
##.......#####
#.........≈≈≈≈
+........≈≈≈≈≈
#.......≈≈###≈


You could see an orc wizard and an orc.

Vanquished Creatures
  Sigmund (D:2)
  2 orc wizards (D:6)
  2 adders
  An adder skeleton (D:2)
  4 worms (D:2)
  5 endoplasms
  A giant cockroach (D:2)
  7 goblins
  4 hobgoblins
  14 jackals
  5 kobolds
  6 ball pythons
  4 bats
  2 frilled lizards
  6 rats
64 creatures vanquished.

Notes
Turn   | Place    | Note
-------+----------+-------------------------------------------
     0 | D:1      | dolemite99 the Demonspawn Gladiator began the quest for the
                  | Orb.
     0 | D:1      | Reached XP level 1. HP: 16/16 MP: 1/1
   100 | D:1      | Reached skill level 3 in Polearms
   163 | D:1      | Found a faded altar of an unknown god.
   170 | D:1      | Gained mutation: You are partially covered in molten
                  | scales. (AC +2) [demonic ancestry]
   170 | D:1      | Reached XP level 2. HP: 21/22 MP: 2/2
   188 | D:1      | Became a worshipper of the Wu Jian Council
   188 | D:1      | Reached * piety under Wu Jian
  1095 | D:2      | Noticed Sigmund
  1099 | D:2      | Reached XP level 3. HP: 27/27 MP: 3/3
  1113 | D:2      | Killed Sigmund
  1114 | D:2      | Reached skill level 5 in Polearms
  1114 | D:2      | Reached XP level 4. HP: 19/33 MP: 4/4
  1114 | D:2      | Reached XP level 5. HP: 22/38 MP: 5/5
  1303 | D:2      | Found a runed translucent door.
  1304 | D:2      | Noticed Crazy Yiuf
  1676 | D:2      | Reached ** piety under Wu Jian
  2296 | D:3      | Reached skill level 6 in Polearms
  3017 | D:3      | Found a broken altar of Ashenzari.
  3335 | D:3      | You fall into a shaft and drop 3 floors!
  3357 | D:6      | Gained mutation: You are mostly covered in molten scales.
                  | (AC +3) [demonic ancestry]
  3357 | D:6      | Reached XP level 6. HP: 13/44 MP: 6/6
  3379 | D:6      | Killed from afar by an orc wizard

Illustrated notes

Levels and vault maps discovered:
D:1:      minmay_arrival_doors, layout_basic, basic_ecumenical_altar,
          hangedman_decor_opposing
D:2:      layout_loops_corners, uniq_crazy_yiuf_cottage, uniq_sigmund
D:3:      layout_loops_corners, mainiacjoe_overflow_tiny_flanked,
          corner_web_ring
D:6:      cheibrodos_quashed, layout_loops_corners,
          mainiacjoe_overflow_surrounded_room, grunt_decor_mini_mirrors,
          water_boxes_lemuel

Skill      XL: |  1  2  3  4  5 |
---------------+----------------+-----
Polearms       | 3 5 6 |  6.3
Fighting       | |  2.0
Throwing       | |  1.7
Dodging        | |  2.6

Action                   |  1- 3 |  4- 6 || total
-------------------------+-------+-------++-------
Melee: Trident           |    73 |   193 ||   266
Throw: Dart              |       |     3 ||     3
Invok: Whirlwind         |     2 |     6 ||     8
       Lunge             |     2 |     4 ||     6
  Use: Potion            |     1 |     4 ||     5
Armor: Leather armour    |    18 |       ||    18
       Chain mail        |    12 |   103 ||   115
Dodge: Dodged            |    42 |    47 ||    89
